Map: Oxide LE

Players

Trizztein

  • Race: Zerg Zerg
  • League: Diamond
  • Spawn Location: 7:00

protonelctrn - Winner!

  • Race: Terran Terran
  • League: Diamond
  • Spawn Location: 1:00

VOD

Have the link to the VOD?

Description

Time

  • Played on: March 6, 2021, 9:55 a.m.
  • Length: 14:30
Show
View Real Time Build Order
Export as new Build Order

Trizztein Zerg 

Build Orders: Hatch First, Muta Ling Bane 

Get SALT Encoding   

  12  0:01  Drone  
  13  0:12  Overlord  
  13  0:16  Drone  
  14  0:32  Drone x2  
  16  0:49  Hatchery  
  15  0:51  Drone  
  15  0:54  Drone  
  17  0:57  Drone  
  18  1:10  Extractor  
  17  1:16  Drone, Spawning Pool  
  17  1:19  Drone  
  18  1:27  Drone  
  19  1:50  Drone  
  20  1:58  Overlord  
  20  2:04  Queen x2  
  20  2:05  Zergling x4  
  26  2:20  Drone x2  
  26  2:21  Metabolic Boost  
  28  2:33  Hatchery  
  27  2:49  Drone x3  
  27  2:50  Pneumatized Carapace  
  30  2:54  Queen  
  32  2:59  Overlord  
  32  3:02  Drone  
  33  3:09  Drone x3  
  36  3:15  Overlord  
  36  3:24  Drone x2  
  36  3:25  Drone x2  
  40  3:28  Drone  
  40  3:33  Queen  
  43  3:39  Overlord  
  43  3:42  Zergling x2  
  43  3:44  Zergling x2  
  45  3:49  Zergling x4  
  45  3:51  Drone x2  
  45  3:53  Queen  
  51  3:55  Overlord  
  51  4:03  Drone x5  
  51  4:09  Baneling Nest  
  55  4:10  Extractor  
  55  4:14  Queen  
  57  4:17  Drone x3  
  57  4:19  Overlord  
  59  4:24  Overlord  
  59  4:28  Drone x3  
  62  4:35  Zergling x10  
  64  5:05  Lair  
  65  5:07  Drone x10  
  65  5:11  Baneling x2  
  65  5:12  Baneling  
  73  5:23  Spore Crawler x2  
  73  5:24  Spore Crawler  
  64  5:39  Drone x6  
  70  5:45  Queen  
  68  5:54  Drone x6  
  68  5:55  Drone x4  
  74  5:57  Extractor  
  74  6:01  Drone  
  74  6:05  Drone  
  74  6:07  Extractor  
  74  6:08  Drone x4  
  78  6:17  Drone x5  
  83  6:18  Hatchery  
  83  6:22  Extractor  
  83  6:25  Drone x5, Baneling  
  86  6:34  Extractor  
  86  6:38  Centrifical Hooks  
  86  6:39  Zergling x6, Hatchery  
  87  6:41  Evolution Chamber  
  86  6:48  Drone x2  
  86  6:49  Overlord x2, Drone  
  89  7:12  Overseer  
  89  7:15  Overlord x4  
  89  7:16  Drone x3  
  89  7:17  Drone x3  
  95  7:23  Spire  
  95  7:24  Drone x3  
  95  7:27  Infestation Pit  
  95  7:29  Queen  
  96  7:30  Queen  
  96  7:34  Overseer  
  96  7:35  Spore Crawler  
  99  7:38  Zerg Melee Weapons Level 1  
  99  7:40  Evolution Chamber  
  99  7:43  Zergling x22  
  109  7:57  Zergling x12  
  109  7:58  Zergling x8  
  119  8:09  Zergling x12  
  116  8:22  Zergling x10  
  116  8:23  Zergling x4  
  122  8:28  Baneling x10  
  122  8:35  Burrow  
  122  8:37  Zerg Ground Armor Level 1  
  122  8:43  Baneling x10  
  122  8:44  Zergling x18, Baneling x4  
  122  8:48  Mutalisk x2  
  135  8:59  Queen x2  
  141  9:02  Zergling x4  
  141  9:04  Overlord x7  
  141  9:06  Zerg Flyer Weapons Level 1  
  141  9:13  Overlord x2  
  141  9:19  Spine Crawler  
  136  9:30  Extractor x2  
  131  9:32  Zergling x8  
  131  9:33  Zergling x20  
  131  9:37  Overlord  
  136  9:55  Zergling x28  
  136  9:56  Zergling x4  
  142  10:10  Zergling x18  
  141  10:20  Zergling x24  
  148  10:23  Mutalisk  
  150  10:31  Mutalisk  
  150  10:32  Mutalisk x6  
  164  10:39  Baneling  
  164  10:40  Baneling x19  
  164  10:41  Zergling x6, Baneling x3  
  164  10:42  Zergling x2  
  168  10:49  Mutalisk x7  
  164  10:50  Hatchery  
  165  10:59  Zergling x4  
  165  11:00  Zergling x4  
  154  11:11  Zergling x18  
  159  11:18  Zergling x8  
  155  11:27  Zergling x8  
  155  11:31  Baneling  
  155  11:32  Baneling x12  
  152  11:46  Hatchery  
  140  11:48  Baneling x15  
  137  12:00  Overseer  
  125  12:20  Zergling x18  
  123  12:25  Overseer  
  123  12:37  Zergling x6  
  123  12:39  Overseer  
  123  12:40  Overseer  
  123  12:49  Baneling x4  
  123  12:50  Baneling x16  
  103  12:54  Mutalisk  
  99  13:08  Zergling x4  
  99  13:09  Zergling x8  
  83  13:15  Zergling x2  
  83  13:16  Zergling x4  
  86  13:21  Drone x3  
  89  13:30  Zergling x8  
  89  13:32  Drone  
  89  13:33  Drone  
  95  13:37  Baneling x3  
  95  13:38  Baneling  
  95  13:39  Baneling  
  95  13:40  Baneling  
  95  13:46  Mutalisk  
  92  14:09  Zergling x24  
Show
View Real Time Build Order
Export as new Build Order

protonelctrn Terran - Winner!

Build Orders: Liberator Opening, Reaper Expand 

Get SALT Encoding   

  12  0:00  SCV  
  13  0:13  SCV  
  14  0:18  Supply Depot  
  14  0:25  SCV  
  15  0:40  SCV  
  15  0:41  Barracks  
  16  0:46  Refinery  
  16  0:52  SCV  
  17  1:04  SCV  
  18  1:19  SCV  
  19  1:29  Reaper  
  20  1:33  Orbital Command  
  20  1:41  Command Center  
  20  1:50  Supply Depot  
  20  1:59  SCV  
  21  2:01  Marine  
  22  2:14  Factory  
  22  2:18  Refinery, SCV  
  23  2:23  Barracks Reactor  
  23  2:30  SCV  
  24  2:42  SCV  
  25  2:54  Orbital Command, SCV  
  26  3:03  Starport  
  26  3:06  SCV  
  31  3:12  Hellion  
  31  3:13  Barracks Reactor, Hellion  
  31  3:18  SCV  
  32  3:25  SCV  
  33  3:31  SCV  
  38  3:34  Hellion x2  
  38  3:38  SCV  
  39  3:43  SCV  
  40  3:50  SCV  
  40  3:53  Supply Depot  
  40  3:55  SCV  
  42  3:57  Liberator  
  45  4:07  SCV  
  46  4:14  SCV  
  46  4:15  Supply Depot, Hellion x2  
  51  4:17  Command Center  
  51  4:20  Supply Depot, SCV  
  52  4:27  SCV  
  52  4:28  Barracks Tech Lab  
  53  4:32  SCV  
  53  4:36  Liberator  
  57  4:39  SCV  
  57  4:44  SCV  
  59  4:51  SCV  
  55  4:56  SCV  
  56  5:03  SCV  
  57  5:08  SCV  
  58  5:14  Refinery  
  58  5:15  Refinery, SCV  
  58  5:17  Barracks  
  58  5:18  Barracks, Engineering Bay  
  58  5:19  Engineering Bay  
  58  5:20  SCV  
  58  5:27  SCV, Widow Mine x2  
  58  5:28  Stimpack  
  57  5:29  Marine  
  57  5:30  Medivac x2  
  57  5:32  SCV  
  63  5:39  SCV  
  64  5:44  SCV  
  64  5:46  Marine  
  66  5:52  Terran Infantry Weapons Level 1  
  66  5:53  Terran Infantry Armor Level 1  
  66  5:55  SCV  
  67  5:59  Orbital Command  
  67  6:01  SCV  
  62  6:04  Marine  
  62  6:05  Barracks Reactor, Widow Mine x2  
  62  6:06  Barracks Reactor  
  67  6:17  SCV  
  68  6:22  Marine  
  68  6:25  Command Center  
  69  6:29  SCV x2  
  69  6:30  Orbital Command  
  71  6:39  Supply Depot  
  71  6:40  Supply Depot, Marine  
  71  6:41  Widow Mine  
  71  6:42  Widow Mine  
  71  6:43  SCV  
  71  6:44  Marine x3  
  71  6:45  Marine  
  81  6:53  SCV  
  82  6:55  SCV  
  82  6:56  SCV  
  82  6:58  Marine  
  85  7:02  Marine x4  
  85  7:05  SCV  
  85  7:07  SCV, Combat Shield  
  85  7:08  SCV  
  92  7:15  Supply Depot, Marine  
  92  7:16  Supply Depot  
  92  7:17  Supply Depot, SCV  
  92  7:18  Supply Depot  
  92  7:19  SCV  
  92  7:20  Marine x4, SCV  
  100  7:24  Armory  
  100  7:29  SCV  
  101  7:36  Marine, SCV, Widow Mine x2  
  107  7:37  SCV  
  107  7:38  Marine x4  
  107  7:42  SCV  
  113  7:45  Barracks  
  113  7:46  Barracks  
  113  7:48  SCV  
  114  7:51  SCV  
  114  7:54  Marine, SCV  
  114  7:55  Marine  
  114  7:56  Marine x3  
  114  7:57  Refinery  
  121  7:59  Refinery  
  121  8:00  SCV  
  121  8:01  Missile Turret x2  
  121  8:03  Missile Turret, SCV  
  123  8:08  Missile Turret x3  
  123  8:11  Marine  
  119  8:13  Marine x2  
  121  8:23  SCV  
  122  8:31  Marine  
  122  8:32  Marine x4  
  127  8:34  Barracks Reactor, Barracks Tech Lab  
  127  8:35  Medivac x2  
  127  8:36  SCV x2  
  133  8:47  Missile Turret  
  133  8:48  Terran Infantry Weapons Level 2, Terran Infantry Armor Level 2  
  133  8:53  Marine  
  133  8:54  Marine x4  
  142  8:55  Widow Mine  
  142  8:56  Widow Mine  
  142  9:00  Terran Vehicle Weapons Level 1  
  142  9:01  Factory  
  142  9:11  Planetary Fortress, Marine  
  142  9:15  SCV x3  
  146  9:23  Command Center  
  146  9:25  Command Center  
  146  9:27  SCV  
  139  9:34  Marine x2  
  139  9:35  Marine x2  
  139  9:36  Marauder  
  139  9:38  Marine x2  
  147  9:43  Supply Depot x2  
  147  9:44  Supply Depot  
  147  9:48  Medivac, Widow Mine  
  147  9:50  Medivac  
  147  9:51  Widow Mine  
  146  9:55  Marine x2  
  146  9:59  Marine x2  
  148  10:02  Marauder  
  148  10:04  Marine, SCV x2  
  151  10:11  SCV x2  
  120  10:16  SCV  
  120  10:19  Supply Depot x2, Factory Tech Lab  
  120  10:22  SCV  
  120  10:23  SCV x2, Marauder  
  120  10:26  Marine x2  
  127  10:28  SCV  
  127  10:34  SCV  
  127  10:35  SCV x2  
  131  10:41  SCV  
  132  10:44  Marauder  
  134  10:51  Marine  
  133  11:01  Marine x3  
  133  11:03  Marine x2  
  128  11:05  Missile Turret  
  128  11:06  Missile Turret, Marauder  
  128  11:09  Marine, Missile Turret  
  121  11:19  Marine x3  
  121  11:21  Marine  
  124  11:28  Marine x3  
  124  11:29  Siege Tank  
  130  11:37  Marine x3  
  130  11:39  Marine  
  134  11:44  Widow Mine  
  134  11:45  Terran Vehicle Weapons Level 2, Marine x2, Widow Mine  
  134  11:46  Marine, Terran Infantry Weapons Level 3  
  139  11:47  Terran Infantry Armor Level 3  
  139  11:49  Refinery  
  139  11:51  Refinery  
  139  11:54  Marine x2  
  139  11:55  Marine  
  139  11:57  Marine  
  141  12:01  Siege Tank  
  141  12:03  Marine x2  
  141  12:04  Marine  
  147  12:10  Widow Mine x2  
  147  12:12  Marine x3  
  147  12:14  Marine  
  154  12:21  Marine x2  
  154  12:22  Marine, Medivac x2  
  133  12:25  Orbital Command  
  133  12:26  Orbital Command, Starport  
  133  12:30  Marine x3  
  133  12:31  SCV  
  133  12:32  Marine, SCV x3  
  133  12:33  Thor  
  145  12:39  Marine x3  
  145  12:43  SCV  
  149  12:44  SCV x2  
  149  12:48  Marine x2  
  149  12:50  Marine x2  
  148  12:57  Marine x3  
  151  13:04  Widow Mine  
  151  13:05  Widow Mine  
  155  13:06  Marine x2  
  155  13:08  Marine x2  
  150  13:14  Marine  
  150  13:15  Marine x2  
  150  13:16  Armory, Thor  
  159  13:20  Barracks  
  159  13:21  Barracks, Starport Reactor  
  159  13:23  Barracks, SCV x2, Marine  
  159  13:24  Marine  
  159  13:26  Marine x2, SCV x2  
  167  13:32  Marine x2  
  167  13:33  Marine  
  170  13:41  Marine x2  
  170  13:43  Marine x2  
  170  13:48  Command Center  
  174  13:50  Marine x2  
  174  13:51  Marine  
  177  13:59  Marine x2  
  177  14:00  Command Center  
  177  14:01  Marine x2  
  176  14:09  Marauder  
Tags
 
Add a new tag
Caveats
  • Supply blocks, unpowered buildings, or Contaminate may cause inaccurate times.
  • Supply counts are checked every 10 seconds.